 Dungeon Crawl Stone Soup version 0.28.0 (webtiles) character file.

Game seed: 11965685849171140000

2 zeram the Sneak (level 1, -2/14 HPs)
             Began as a Gargoyle Delver on Feb 9, 2022.
             Slain by a bullfrog skeleton (5 damage)
             ... on level 5 of the Dungeon.
             The game lasted 00:00:11 (55 turns).

zeram the Sneak (Gargoyle Delver)                     Turns: 55, Time: 00:00:11

Health: -2/14      AC:  5    Str: 15    XL:     1   Next: 30%
Magic:  1/1        EV: 11    Int: 10    God:
Gold:   0          SH:  0    Dex: 11    Spells: 0/0 levels left

rFire   . . .      SeeInvis .   a - +0 mace
rCold   . . .      Faith    .   (no shield)
rNeg    + . .      Spirit   .   b - +0 leather armour
rPois   ∞          Reflect  .   (no helmet)
rElec   +          Harm     .   (no cloak)
rCorr   .          Rampage  .   (no gloves)
Will    .....                   (no boots)
Stlth   +++.......              (no amulet)
HPRegen 0.04/turn               (no ring)
MPRegen 0.07/turn               (no ring)

@: no status effects
A: sickness immunity, AC +2, negative energy resistance 1, electricity
resistance, torment resistance 1, petrification resistance
a: no special abilities


You were on level 5 of the Dungeon.
You visited 1 branch of the dungeon, and saw 1 of its levels.

Inventory:

Hand Weapons
 a - a +0 mace (weapon)
Armour
 b - a +0 leather armour (worn)
Wands
 g - a wand of digging (3)
Scrolls
 c - a scroll of fog
 d - a scroll of magic mapping
 e - a scroll of fear
Potions
 f - a potion of haste


   Skills:
 + Level 3.3 Fighting
 + Level 2.0 Maces & Flails
 + Level 1.5 Dodging
 + Level 5.5 Stealth


You couldn't memorise any spells.
You didn't know any spells.
Your spell library was empty.

Dungeon Overview and Level Annotations

Branches:
Dungeon (5/15)
 Temple: D:4-7

Altars:


Innate Abilities, Weirdness & Mutations

You are immune to sickness and miasma.
Your stone body is resilient. (AC +2)
You are immune to poison.
You resist negative energy. (rN+)
You are resistant to electric shocks. (rElec)
You are resistant to unholy torment.
You are immune to petrification.


Message History

Welcome, zeram the Gargoyle Delver.
They say the Orb of Zot lies within this dungeon, but they say a lot of things.
Press ? for a list of commands and other information.
Found a stone staircase leading down.
An orc comes into view. It is wielding a +0 mace.
An orc is nearby!
An orc is nearby!
An orc is nearby!
The helpless orc fails to defend itself.
You thump the orc!
You kill the orc!
No target in view!
No target in view!
You see here a +0 mace.
A bullfrog skeleton comes into view.
A bullfrog skeleton is nearby!
A bullfrog skeleton is nearby!
A bullfrog skeleton is nearby!
You sock the bullfrog skeleton!
The bullfrog skeleton is moderately damaged.
The bullfrog skeleton closely misses you.
You hit the bullfrog skeleton.
The bullfrog skeleton is moderately damaged.
The bullfrog skeleton hits you. x2
You sock the bullfrog skeleton!
The bullfrog skeleton is severely damaged.
The bullfrog skeleton misses you. The bullfrog skeleton hits you.
You are too injured to fight recklessly!
You are too injured to fight recklessly!
You are too injured to fight recklessly!
You thump the bullfrog skeleton!
The bullfrog skeleton is almost destroyed.
The bullfrog skeleton hits you.
* * * LOW HITPOINT WARNING * * *
You barely miss the bullfrog skeleton.
The bullfrog skeleton is almost destroyed.
The bullfrog skeleton hits you.
You die...

# ## ##.# ##.# ####
#.#. #.#.## ##..#
... #.#..## #.###
#.##.##..####.#
#......#......#
#.......#....####.#
##...##.##...)....#
#...###...Z@..####.#
..####..## #.......#
#......## #...###.#
#..###..###...## #.#
#. ##......#.. #..
#. ##......###. #..#
..##.......# #. ...#
#....####..# ##..
##..## #..##


You could see a bullfrog skeleton.

Vanquished Creatures
  An orc (D:5)
1 creature vanquished.

Notes
Turn   | Place    | Note
-------+----------+-------------------------------------------
     0 | D:5      | zeram the Gargoyle Delver began the quest for the Orb.
     0 | D:5      | Reached XP level 1. HP: 14/14 MP: 1/1
    55 | D:5      | Slain by a bullfrog skeleton

Illustrated notes

Levels and vault maps discovered:
D:5:      layout_layer_cave, dk_xom_monty_hall, uniq_pikel

Action                   || total
-------------------------++-------
Melee: Mace              ||     6
 Stab: Sleeping          ||     1
Dodge: Dodged            ||     2
